 Dungeon Crawl Stone Soup version 0.29.0-4-gdea44cf6ec (webtiles) character file.

Game seed: 6750289927957556088

718 qw the Chopper (level 7, -3/41 HPs)
             Began as a Tengu Warper on Aug 28, 2022.
             Slain by an ogre
             ... wielding a +0 giant club
              (18 damage)
             ... on level 4 of the Dungeon.
             The game lasted 00:00:26 (3808 turns).

qw the Chopper (Tengu Warper)                       Turns: 3808, Time: 00:00:26

Health: -3/41      AC: 22    Str: 13    XL:     7   Next: 70%
Magic:  11/11      EV:  5    Int: 14    God:
Gold:   210        SH:  9    Dex: 24    Spells: 10/10 levels left

rFire   . . .      SeeInvis +   Y - +0 war axe
rCold   . . .      Faith    .   a - +3 warlock's mirror {reflect}
rNeg    . . .      Spirit   .   b - +9 plate armour "Xomn" {Dex+5 SInv}
rPois   +          Reflect  +   (helmet restricted)
rElec   .          Harm     .   h - +0 cloak
rCorr   .          Rampage  .   n - +0 pair of gloves
Will    .....                   (boots unavailable)
Stlth   ..........              (no amulet)
HPRegen 0.13/turn               f - ring of poison resistance
MPRegen 0.12/turn               g - +6 ring of dexterity

@: flying quickly and evasively, quick
A: beak, talons 3, nimble flight
a: no special abilities


You were on level 4 of the Dungeon.
You visited 1 branch of the dungeon, and saw 4 of its levels.

You collected 210 gold pieces.


Innate Abilities, Weirdness & Mutations

You have a beak for a mouth.
You have claws for feet.
Your magical nature lets you fly swiftly and evasively.


   Skills:
 - Level 3.1 Fighting
 + Level 7.5 Axes
 - Level 1.0 Throwing
 - Level 3.1 Armour
 - Level 2.1 Dodging
 - Level 2.8 Shields
 - Level 2.0 Spellcasting
 - Level 2.4 Translocations


You had 10 spell levels left.
You didn't know any spells.
Your spell library contained the following spells:

 Spells                   Type           Power      Damage    Failure   Level
 Blink                    Tloc           16%        N/A       100%        2
 Gell's Gravitas          Tloc           8%         N/A       100%        3
 Lesser Beckoning         Tloc           8%         N/A       100%        3
 Teleport Other           Tloc           8%         N/A       100%        3
 Manifold Assault         Tloc           8%         N/A       100%        5

Inventory:

Hand Weapons
 m - a +3 flail
 Y - a +0 war axe (weapon)
Armour
 a - the +3 warlock's mirror (worn) {reflect}
   (You acquired it on level 1 of the Dungeon)

   It can block and reflect piercing ranged attacks and magical attacks against
   the wielder's willpower.
 b - the +9 plate armour "Xomn" (worn) {Dex+5 SInv}
   (You acquired it on level 1 of the Dungeon)

   Dex:       It affects your dexterity (+5).
   SInv:      It lets you see invisible.
 h - a +0 cloak (worn)
 n - a +0 pair of gloves (worn)
Jewellery
 f - a ring of poison resistance (left hand)
 g - a +6 ring of dexterity (right hand)
Scrolls
 i - 2 scrolls of identify
 o - a scroll of teleportation
Potions
 c - a potion of might {unknown}
 d - a potion of haste {unknown}
 e - a potion of brilliance {unknown}
 j - a potion of cancellation
 k - a potion of curing

Dungeon Overview and Level Annotations

Branches:
Dungeon (4/15)
 Temple: D:4-7

Altars:

Annotations:
D:2 1 runed translucent door, Crazy Yiuf


Message History

You slash the adder!
You kill the adder!
You completely miss the endoplasm. The endoplasm barely misses you.
You slash the endoplasm!
You kill the endoplasm!
You hit the kobold. The kobold completely misses you.
The kobold hits you but does no damage.
You hit the kobold.
You kill the kobold!
Things that are here:
a +0 short sword; an adder corpse
l - a javelin You see here a staff of death.
You now have 210 gold pieces (gained 13).
You reach down and open the door.
There is an open door here.
There is a fountain of clear blue water here.
Things that are here:
a +0 club; a +0 hand axe; a +0 flail An ogre comes into view.
It is wielding a +0 giant club.
The ogre shouts!
Throw: javelin
Press: ? - help, Q - select action Shift-Dir - straight line, f - ogre You throw a javelin.
The javelin pierces through the ogre.
The ogre is lightly wounded.
You slash the ogre! You peck the ogre.
The ogre is severely wounded.
The ogre hits you with a +0 giant club!
You barely miss the ogre. You claw the ogre. Your peck misses the ogre.
The ogre is severely wounded.
You block the ogre's attack.
You hit the ogre but do no damage. Your kick misses the ogre.
You peck the ogre, but do no damage.
The ogre is severely wounded.
The ogre hits you with a +0 giant club!
You barely miss the ogre.
The ogre is severely wounded.
The ogre hits you with a +0 giant club!!
You die...

##........}.##...###
>.... .#...........'.###
.##........#####
..#..}...###...
..##...###...#
...#.###.....####
..##.#...###....#######(
#.....)..........O......
#........######.@#####.
#........# ##.#
#........# #..#
########## ##.# ##


You could see an ogre.

Vanquished Creatures
  Menkaure (D:4)
  3 ogres (D:4)
  A scorpion (D:3)
  A jelly (D:4)
  A hound (D:4)
  An iguana (D:3)
  2 orc wizards (D:4)
  4 adders
  2 worms
  2 dart slugs
  9 orcs
  6 endoplasms
  4 giant cockroaches
  10 goblins
  5 hobgoblins
  2 jackals (D:1)
  3 quokkas
  4 ball pythons
  5 bats
  9 kobolds
  2 rats
77 creatures vanquished.

Vanquished Creatures (others)
  An orc priest (D:4)
1 creature vanquished.

Grand Total: 78 creatures vanquished

Notes
Turn   | Place    | Note
-------+----------+-------------------------------------------
     0 | D:1      | qw the Tengu Warper began the quest for the Orb.
     0 | D:1      | Reached XP level 1. HP: 12/12 MP: 4/4
     0 | D:1      | 0 ||| qw: Version: 0.1-a-89-g26bdef1
     0 | D:1      | 0 ||| qw: Game counter: 2848
     0 | D:1      | 0 ||| qw: Always use a shield: true
     0 | D:1      | 0 ||| qw: God list: Okawaru
     0 | D:1      | 0 ||| qw: Allow faded altars: false
     0 | D:1      | 0 ||| qw: Do Orc after D:15 true
     0 | D:1      | 0 ||| qw: Do second Lair branch before Depths: true
     0 | D:1      | 0 ||| qw: Lair rune preference: random
     0 | D:1      | 0 ||| qw: Plans: Normal
     0 | D:1      | 0 ||| PLANNING D:1-11
   115 | D:1      | Found a faded altar of an unknown god.
   236 | D:1      | Reached XP level 2. HP: 17/17 MP: 6/6
   236 | D:1      | 236 ||| Stepping ~*~*~tactically~*~*~ (stealth).
   238 | D:1      | Reached skill level 3 in Axes
   452 | D:1      | 452 ||| Stepping ~*~*~tactically~*~*~ (stealth).
   457 | D:1      | 457 ||| Stepping ~*~*~tactically~*~*~ (stealth).
   458 | D:1      | 458 ||| Stepping ~*~*~tactically~*~*~ (stealth).
   549 | D:1      | 549 ||| DROPPING +0 club.
   614 | D:1      | Reached XP level 3. HP: 16/21 MP: 7/7
   803 | D:1      | 803 ||| UPGRADING to +0 cloak.
   808 | D:1      | 808 ||| UPGRADING to +0 chain mail.
   818 | D:1      | 818 ||| DROPPING +0 leather armour.
   819 | D:1      | 819 ||| UPGRADING to ring of poison resistance.
   820 | D:1      | 820 ||| DROPPING +6 ring of intelligence.
   821 | D:1      | 821 ||| READING scroll labelled SABRIA KIMY.
   822 | D:1      | 822 ||| READING 2 scrolls labelled UTARIU UFUEF.
   822 | D:1      | Identified 2 scrolls of acquirement
   822 | D:1      | 822 ||| ACQUIRING +3 warlock's mirror {reflect}
   822 | D:1      | Acquired the +3 warlock's mirror {reflect}
   822 | D:1      | Found the +3 warlock's mirror {reflect}
   824 | D:1      | 824 ||| UPGRADING to +3 warlock's mirror {reflect}.
   829 | D:1      | 829 ||| READING scroll of acquirement.
   829 | D:1      | 829 ||| ACQUIRING +9 plate armour "Xomn" {Dex+5 SInv}
   829 | D:1      | Acquired the +9 plate armour "Xomn" {Dex+5 SInv}
   831 | D:1      | 831 ||| UPGRADING to +9 plate armour "Xomn" {Dex+5 SInv}.
   841 | D:1      | 841 ||| DROPPING +0 chain mail.
   842 | D:1      | 842 ||| DROPPING scroll of blinking.
   915 | D:2      | Found a runed translucent door.
   916 | D:2      | Noticed Crazy Yiuf
  1026 | D:2      | 1026 ||| Stepping ~*~*~tactically~*~*~ (stealth).
  1030 | D:2      | 1030 ||| Stepping ~*~*~tactically~*~*~ (stealth).
  1241 | D:2      | Reached skill level 1 in Shields
  1250 | D:2      | Reached skill level 4 in Axes
  1365 | D:2      | 1365 ||| Stepping ~*~*~tactically~*~*~ (stealth).
  1374 | D:2      | 1374 ||| Stepping ~*~*~tactically~*~*~ (stealth).
  1379 | D:2      | Reached XP level 4. HP: 26/26 MP: 8/8
  1379 | D:2      | 1379 ||| Stepping ~*~*~tactically~*~*~ (stealth).
  1380 | D:2      | 1380 ||| Stepping ~*~*~tactically~*~*~ (stealth).
  1396 | D:2      | 1396 ||| SWAPPING to +0 war axe.
  1397 | D:2      | 1397 ||| DROPPING +0 hand axe.
  1487 | D:2      | 1487 ||| Stepping ~*~*~tactically~*~*~ (stealth).
  1722 | D:2      | 1722 ||| DROPPING ring of wizardry.
  1723 | D:2      | 1723 ||| READING scroll labelled KUUCLO KIUSOAG.
  1724 | D:2      | 1724 ||| READING scroll labelled HOREYKKONGIE.
  1725 | D:2      | 1725 ||| DRINKING 2 inky potions.
  1793 | D:3      | 1793 ||| Stepping ~*~*~tactically~*~*~ (stealth).
  1794 | D:3      | 1794 ||| STAIRDANCE
  1921 | D:3      | 1921 ||| STAIRDANCE
  2049 | D:3      | 2049 ||| STAIRDANCE
  2116 | D:2      | 2116 ||| UPGRADING to +6 ring of dexterity.
  2511 | D:3      | Noticed a scorpion
  2519 | D:3      | Killed a scorpion
  2520 | D:3      | Reached skill level 5 in Axes
  2520 | D:3      | Gained mutation: Your magical nature lets you fly swiftly
                  | and evasively. [Tengu growth]
  2520 | D:3      | Reached XP level 5. HP: 30/30 MP: 9/9
  2964 | D:3      | 2964 ||| UPGRADING to +0 pair of gloves.
  2969 | D:3      | 2969 ||| READING scroll labelled TADIDO AKOROIRR.
  2970 | D:3      | 2970 ||| READING 2 scrolls labelled FISCHO LEMOGG.
  2973 | D:3      | 2973 ||| DRINKING 2 bubbling orange potions.
  2974 | D:3      | 2974 ||| DRINKING 2 pink potions.
  2975 | D:3      | 2975 ||| DROPPING potion of degeneration.
  3020 | D:4      | Noticed an ogre
  3026 | D:4      | Killed an ogre
  3027 | D:4      | Reached skill level 6 in Axes
  3027 | D:4      | Reached XP level 6. HP: 35/35 MP: 10/10
  3068 | D:4      | 3068 ||| Stepping ~*~*~tactically~*~*~ (stealth).
  3070 | D:4      | 3070 ||| Stepping ~*~*~tactically~*~*~ (hiding).
  3083 | D:4      | 3083 ||| Stepping ~*~*~tactically~*~*~ (hiding).
  3128 | D:4      | 3128 ||| Stepping ~*~*~tactically~*~*~ (stealth).
  3131 | D:4      | 3131 ||| Stepping ~*~*~tactically~*~*~ (stealth).
  3133 | D:4      | Reached skill level 3 in Armour
  3274 | D:4      | Noticed Menkaure
  3275 | D:4      | 3275 ||| Stepping ~*~*~tactically~*~*~ (stealth).
  3283 | D:4      | 3283 ||| Stepping ~*~*~tactically~*~*~ (hiding).
  3297 | D:4      | Killed Menkaure
  3298 | D:4      | Reached skill level 7 in Axes
  3298 | D:4      | Reached XP level 7. HP: 22/40 MP: 11/11
  3483 | D:4      | 3483 ||| Stepping ~*~*~tactically~*~*~ (hiding).
  3494 | D:4      | Reached skill level 3 in Fighting
  3738 | D:4      | 3738 ||| Stepping ~*~*~tactically~*~*~ (stealth).
  3808 | D:4      | Slain by an ogre

Levels and vault maps discovered:
D:1:      dpeg_arrival_arbitrary_a, layout_rooms, basic_ecumenical_altar,
          minmay_misc_feat_rows, chequers_hall_statues_wall_a,
          minmay_tetromino_s4
D:2:      kennysheep_the_goblin_king, layout_basic, grunt_ministairs_2,
          uniq_crazy_yiuf_cottage
D:3:      layout_basic, chequers_garden
D:4:      minmay_skewed_foursquare, layout_rooms,
          gammafunk_temple_overflow_elements, uniq_menkaure

Skill      XL: |  1  2  3  4  5  6  7 |
---------------+----------------------+-----
Axes           | 3 4 5 6 7 |  7.5
Shields        | 1 2 |  2.8
Armour         | 2 3 |  3.1
Fighting       | 3 |  3.1
Throwing       | |  1.0
Dodging        | |  2.1
Spellcasting   | |  2.0
Translocations | |  2.4

Action                   |  1- 3 |  4- 6 |  7- 9 || total
-------------------------+-------+-------+-------++-------
Melee: Hand axe          |    66 |     5 |       ||    71
       Kick              |    13 |    26 |    10 ||    49
       Peck              |    10 |    11 |     5 ||    26
       War axe           |       |    74 |    30 ||   104
Throw: Javelin           |    21 |    17 |     5 ||    43
       Boomerang         |     7 |       |     2 ||     9
  Use: Scroll            |     3 |     4 |       ||     7
       Potion            |       |     3 |       ||     3
Armor: Leather armour    |     5 |       |       ||     5
       Plate armour      |    15 |    34 |    15 ||    64
Dodge: Dodged            |    20 |    12 |     6 ||    38
Block: Buckler           |    17 |    21 |    11 ||    49
       Reflection        |       |     1 |     2 ||     3

Table legend:
 A = Non-vault XP
 B = Vault XP
 C = Vault XP percentage of total XP
 D = Non-vault monster count
 E = Vault monster count
 F = Vault count percentage of total count
                 A         B        C        D         E       F
            +---------+---------+-------+---------+---------+-------
      Total |     738 |     289 |  28.1 |      62 |      16 |  20.5
            +---------+---------+-------+---------+---------+-------
        D:1 |      34 |       2 |   5.6 |      19 |       1 |   5.0
        D:2 |      35 |      29 |  45.3 |      11 |       9 |  45.0
        D:3 |     142 |       0 |   0.0 |       9 |       0 |   0.0
        D:4 |     527 |     258 |  32.9 |      23 |       6 |  20.7
            +---------+---------+-------+---------+---------+-------
